 Dungeon Crawl Stone Soup version 0.27.1-33-g824d729ab1 (webtiles) character file.

Game seed: 15790249411970748008

891 demibob the Cleaver (level 8, -6/66 HPs)
             Began as a Hill Orc Fighter on Dec 9, 2021.
             Was an Initiate of Kikubaaqudgha.
             Mangled by a troll (16 damage)
             ... on level 5 of the Dungeon.
             The game lasted 00:05:11 (5422 turns).

demibob the Cleaver (Hill Orc Fighter)              Turns: 5422, Time: 00:05:11

Health: -6/66      AC:  6    Str: 19    XL:     8   Next: 6%
Magic:  8/8        EV:  7    Int:  8    God:    Kikubaaqudgha [......]
Gold:   206        SH: 10    Dex: 18    Spells: 7/7 levels left

rFire    . . .     SeeInvis .   a - +0 war axe
rCold    . . .     Faith    .   c - +0 kite shield
rNeg     . . .     Spirit   .   b - +0 scale mail
rPois    .         Reflect  .   (no helmet)
rElec    .         Harm     .   (no cloak)
rCorr    .         Rampage  .   (no gloves)
Will     .....                  (no boots)
Stlth    ..........             (no amulet)
HPRegen  0.21/turn              L - ring of flight
MPRegen  0.11/turn              D - +6 ring of dexterity

@: mighty, flying
A: no striking features
a: Renounce Religion


You were on level 5 of the Dungeon.
You worshipped Kikubaaqudgha.
Kikubaaqudgha was noncommittal.
You visited 2 branches of the dungeon, and saw 7 of its levels.

You collected 206 gold pieces.


   Skills:
 + Level 3.7 Fighting
 + Level 11.5 Axes
 + Level 3.4 Armour
 - Level 3.2 Shields


You had 7 spell levels left.
You didn't know any spells.
Your spell library was empty.

Inventory:

Hand Weapons
 a - a +0 war axe (weapon)
 n - the +6 morningstar of Anger {freeze, rF+ Str+4 Stlth+}
   (You found it on level 4 of the Dungeon)

   It freezes those it strikes, dealing additional cold damage.
   It can also slow down cold-blooded creatures.
   Str:       It affects your strength (+4).
   rF:        It protects you from fire.
   Stlth:     It makes you more stealthy.
 o - the +6 hand axe "Dame" {freeze, rF+}
   (You found it on level 4 of the Dungeon)

   It freezes those it strikes, dealing additional cold damage.
   It can also slow down cold-blooded creatures.
   rF:        It protects you from fire.
Armour
 b - a +0 scale mail (worn)
 c - a +0 kite shield (worn)
 g - a +0 helmet
Magical Staves
 r - a staff of air {!a}
Jewellery
 C - a ring of ice
 D - a +6 ring of dexterity (right hand)
 L - a ring of flight (left hand)
Wands
 q - a wand of mindburst (10)
Scrolls
 k - a scroll of teleportation {@r2}
 l - 2 scrolls of amnesia
Potions
 e - 2 potions of flight
 f - a potion of lignification
 h - a potion of degeneration {unknown}
 i - 5 potions of ambrosia
 j - a potion of invisibility
 m - 2 potions of curing {@q1}
 p - a potion of attraction

Dungeon Overview and Level Annotations

Branches:
Dungeon (6/15)             Temple (1/1) D:4

Altars:
Cheibriados
Kikubaaqudgha
Okawaru
Sif Muna

Shops:
D:1

** #.#####......#.....#.## #.####
#.# ##..###...##.#..## ##.###.
##.####...#####.####...####..##..
#....#..........##..#...........#
..#.....#........#....#..###..###
.####.........##.....#.......###.
.# ##.......####...###.......#..
.#####.......####....###.........
...##..##.....##@T#..###.........
.....#####........##..##.......##
.....## #.....).####.......#..##
......# #...)...# #......##..#
......# #.......#####....####.##
.##...## #................# #..#
.##....###.......#######.## ##.#
.##..............# #.## ##..
###..<###.#####..### #..####...


You could see a troll.


Message History

There is a stone staircase leading down here.
You slash the troll!
The troll is moderately wounded.
The troll bites you! The troll claws you! The troll barely misses you.
You block the troll's attack. x2; The troll claws you.
You barely miss the troll.
The troll is moderately wounded.
The troll barely misses you. You block the troll's attack. x2
You hit the troll.
The troll is moderately wounded.
The troll barely misses you. The troll closely misses you.
The troll completely misses you.
You slash the troll!
The troll is heavily wounded.
You block the troll's attack. The troll claws you but does no damage.
The troll claws you!
You closely miss the troll.
The troll is heavily wounded.
The troll bites you!
* * * LOW HITPOINT WARNING * * *
The troll closely misses you. You block the troll's attack.
You feel very mighty all of a sudden. The troll bites you!
* * * LOW HITPOINT WARNING * * *
You block the troll's attack. The troll claws you but does no damage.
You barely miss the troll.
The troll is heavily wounded.
The troll bites you!
You die...
Kikubaaqudgha rasps: "You have failed me!
Welcome... death!"

Skill      XL: |  1  2  3  4  5  6  7 |
---------------+----------------------+-----
Axes           | 3 4 5 6 9 11 | 11.5
Fighting       | |  3.7
Armour         | |  3.4
Shields        | |  3.2

Action                   |  1- 3 |  4- 6 |  7- 9 || total
-------------------------+-------+-------+-------++-------
Melee: War axe           |    66 |   113 |    31 ||   210
       Hand axe          |       |     8 |    42 ||    50
  Use: Scroll            |     2 |     7 |     5 ||    14
       Potion            |       |     2 |     3 ||     5
Armor: Scale mail        |    46 |    44 |    15 ||   105
Dodge: Dodged            |    37 |    32 |    18 ||    87
Block: Kite shield       |    37 |    63 |    32 ||   132

Levels and vault maps discovered:
D:1:      dpeg_arrival_arbitrary_c, layout_basic, ebering_ecumenical_altar_mist,
          serial_shops, nicolae_shop_competitors_out_of_business,
          nicolae_shop_crystal
D:2:      layout_loops_ring, chequers_mini_garden, kennysheep_cluttered_room,
          minmay_snake_closets
D:3:      layout_loops_ring, uniq_grinder, uniq_jessica, uniq_terence
D:4:      layout_loops_ring, minmay_temple_entry_antechambers
D:5:      layout_layer_cave
D:6:      layout_cave_pools, chequers_temple_overflow_minitemple, uniq_duvessa
Temple:   zaba_magenta_temple

Notes
Turn   | Place    | Note
-------+----------+-------------------------------------------
     0 | D:1      | demibob the Hill Orc Fighter began the quest for the Orb.
     0 | D:1      | Reached XP level 1. HP: 19/19 MP: 1/1
     8 | D:1      | Reached skill level 3 in Axes
    97 | D:1      | Reached XP level 2. HP: 26/26 MP: 2/2
   196 | D:1      | Found a faded altar of an unknown god.
   228 | D:1      | Reached skill level 4 in Axes
   233 | D:1      | Found Xaotewk's Assorted Antiques.
   246 | D:1      | Found Icoinwa's Assorted Antiques.
   972 | D:2      | Reached XP level 3. HP: 26/31 MP: 3/3
  1125 | D:2      | Reached skill level 5 in Axes
  1125 | D:2      | Reached XP level 4. HP: 12/39 MP: 4/4
  1788 | D:2      | Reached skill level 6 in Axes
  1980 | D:2      | Reached XP level 5. HP: 45/45 MP: 5/5
  2065 | D:3      | Noticed Jessica
  2066 | D:3      | Killed Jessica
  2067 | D:3      | Reached skill level 7 in Axes
  2105 | D:3      | Noticed Terence
  2117 | D:3      | Killed Terence
  2168 | D:3      | Noticed Grinder
  2607 | D:3      | Paralysed by Grinder for 5 turns
  2620 | D:3      | Killed Grinder
  2621 | D:3      | Reached skill level 9 in Axes
  2621 | D:3      | Reached XP level 6. HP: 51/51 MP: 6/6
  3117 | D:4      | Found a staircase to the Ecumenical Temple.
  3138 | D:4      | Identified the +6 morningstar of Anger {freeze, rF+ Str+4
                  | Stlth+}
  3181 | Temple   | Entered the Ecumenical Temple
  3185 | Temple   | Became a worshipper of Kikubaaqudgha
  3480 | D:4      | Identified the +6 hand axe "Dame" {freeze, rF+}
  3744 | D:5      | Entered Level 5 of the Dungeon
  3960 | D:5      | Reached XP level 7. HP: 56/57 MP: 7/7
  4012 | D:5      | Reached skill level 10 in Axes
  4648 | D:5      | Reached skill level 11 in Axes
  4733 | D:5      | Reached XP level 8. HP: 48/64 MP: 8/8
  5412 | D:6      | Noticed a troll
  5422 | D:5      | Mangled by a troll

Vanquished Creatures
  Grinder (D:3)
  2 ogres (D:5)
  2 phantoms (D:5)
  A jelly (D:5)
  A gnoll shaman (D:5)
  An orc priest (D:2)
  A hound (D:5)
  A centaur skeleton (D:4)
  Terence (D:3)
  Jessica (D:3)
  An iguana (D:5)
  4 gnolls (D:5)
  A howler monkey skeleton (D:5)
  7 adders
  A worm (D:5)
  3 orcs
  5 bats
  5 endoplasms
  A giant cockroach (D:1)
  4 goblins
  4 hobgoblins
  10 jackals
  6 kobolds
  3 quokkas
  12 ball pythons
  2 frilled lizards
  A quokka skeleton (D:4)
  3 rats
85 creatures vanquished.

Table legend: (Time is in decaauts)
 A = Elapsed time spent in this place.
 B = Non-inter-level travel time spent in this place.
 C = Inter-level travel time spent in this place.
 D = Time resting spent in this place.
 E = Time spent auto-exploring this place.
 F = Levels seen in this place.
 G = Mean time per level.
                   A        B        C        D        E       F      G
               +--------+--------+--------+--------+--------+-----+--------+
         Total |   5501 |   5360 |    141 |    530 |   4106 |   7 |  785.9 |
       Dungeon |   5492 |   5356 |    136 |    530 |   4106 |   6 |  915.3 |
        Temple |      8 |      4 |      4 |      0 |      0 |   1 |    8.0 |
               +--------+--------+--------+--------+--------+-----+--------+

Top non-repeatable levels by time:
     D:5: 1680 daAuts
     D:2: 1109 daAuts
     D:1: 980 daAuts
     D:3: 945 daAuts
     D:4: 773 daAuts
  Temple: 8 daAuts
     D:6: 2 daAuts

Table legend:
 A = Non-vault XP
 B = Vault XP
 C = Vault XP percentage of total XP
 D = Non-vault monster count
 E = Vault monster count
 F = Vault count percentage of total count
                 A         B        C        D         E       F
            +---------+---------+-------+---------+---------+-------
      Total |     878 |     395 |  31.0 |      72 |      13 |  15.3
            +---------+---------+-------+---------+---------+-------
        D:1 |      28 |       0 |   0.0 |      15 |       0 |   0.0
        D:2 |      69 |      71 |  50.7 |      15 |      10 |  40.0
        D:3 |      26 |     324 |  92.6 |      16 |       3 |  15.8
        D:4 |      56 |       0 |   0.0 |      10 |       0 |   0.0
        D:5 |     699 |       0 |   0.0 |      16 |       0 |   0.0
            +---------+---------+-------+---------+---------+-------
